 Dungeon Crawl Stone Soup version 0.31-a0-174-g85c54bcb58 (webtiles) character file.

Game seed: 3291541774620651010

2278619 NoAnimeNoLife the Severer (level 24, 138/138 HPs)
             Began as a Vine Stalker Fighter on June 16, 2023.
             Was the Champion of Jiyva.
             Escaped with the Orb
             ... and 3 runes!
             The game lasted 01:15:28 (36236 turns).

NoAnimeNoLife the Severer (Vine Stalker Fighter)   Turns: 36236, Time: 01:15:29

Health: 138/138    AC: 38    Str: 32    XL:     24   Next: 26%
Magic:  40/40      EV: 24    Int:  3    God:    Jiyva [******]
Gold:   1533       SH:  2    Dex: 11    Spells: 46/48 levels left

rFire   + + +        O - +6 battleaxe (freeze)
rCold   . . .        (shield currently unavailable)
rNeg    . . .        Y - +8 chain mail "Lompaic" {rPois Int-4 Dex-3 Slay+6}
rPois   +            (helmet restricted)
rElec   +            m - +2 cloak {rPois}
rCorr   +            F - +2 pair of gloves
SInv    +            K - +2 pair of boots
Will    +++..        W - amulet of magic regeneration
Stlth   +            T - ring of the Octopus King {rF+ HP+2 AC+2 EV+2 SH+2}
HPRegen 2.83/turn    n - +5 ring of evasion
MPRegen 1.17/turn

%: random rage (3%), guardian spirit
@: no status effects
A: fangs 3, regeneration 1, magic shield, antimagic bite, no potion heal 2,
hooves 2, horns 1, iridescent scales 1, camouflage 3, berserk 1, clumsy 1, fire
resistance 3, poison resistance, electricity resistance, strong 1, eyeballs 3,
jelly absorbing missiles, sturdy frame 2
0: Orb of Zot
}: 3/15 runes: serpentine, barnacled, slimy
a: Renounce Religion, Oozemancy, Slimify


You escaped.
You worshipped Jiyva.
Jiyva was exalted by your worship.
You visited 8 branches of the dungeon, and saw 44 of its levels.
You visited the Abyss 1 time.
You also visited: Trove, Gauntlet and Wizlab.

You collected 3672 gold pieces.
You spent 2139 gold pieces at shops.

Inventory:

Hand Weapons
 O - a +6 battleaxe of freezing (weapon)
Missiles
 b - 6 curare-tipped darts (quivered)
 U - 2 throwing nets
Armour
 m - a +2 cloak of poison resistance (worn)
 F - a +2 pair of gloves (worn)
 K - a +2 pair of boots (worn)
 R - +0 gold dragon scales
 Y - the +8 chain mail "Lompaic" (worn) {rPois Int-4 Dex-3 Slay+6}
   (You found it on level 11 of the Dungeon)

   Int:       It affects your intelligence (-4).
   Dex:       It affects your dexterity (-3).
   Slay:      It affects your accuracy & damage with ranged weapons and melee
   (+6).
   rPois:     It protects you from poison.
 Z - a +2 helmet of see invisible
Jewellery
 e - the ring "Uvuinyij" {rPois rCorr EV+5 Int+3 Dex-5}
   (You found it on level 9 of the Dungeon)

   [ring of evasion]

   EV:        It affects your evasion (+5).
   Int:       It affects your intelligence (+3).
   Dex:       It affects your dexterity (-5).
   rPois:     It protects you from poison.
   rCorr:     It protects you from acid and corrosion.
 h - a ring of willpower
 k - a ring of wizardry
 n - a +5 ring of evasion (right hand)
 G - a +6 ring of intelligence
 Q - the ring "Juum" {rC+ Int+3}
   (You found it on level 15 of the Dungeon)

   [ring of protection from cold]

   Int:       It affects your intelligence (+3).
   rC:        It protects you from cold.
 T - a ring of the Octopus King (left hand) {rF+ HP+2 AC+2 EV+2 SH+2}
   (You found it on level 15 of the Dungeon)

   [ring of protection from fire]

   AC:        It affects your AC (+2).
   EV:        It affects your evasion (+2).
   rF:        It protects you from fire.
   HP:        It affects your health (+2).
   SH:        It affects your SH (+2).
 W - an amulet of magic regeneration (around neck)
 X - the ring "Qijo Jeorghu" {Fly rPois rN+}
   (You found it on level 15 of the Dungeon)

   [ring of flight]

   rPois:     It protects you from poison.
   rN:        It protects you from negative energy.
   Fly:       It grants you flight.
Wands
 a - a wand of flame (31)
 r - a wand of paralysis (51)
 A - a wand of roots (3)
 L - a wand of mindburst (7)
 M - a wand of polymorph (26)
Scrolls
 f - 3 scrolls of immolation
 g - 10 scrolls of teleportation
 i - 5 scrolls of identify
 q - 3 scrolls of fear
 t - 7 scrolls of amnesia
 v - 4 scrolls of poison
 B - 3 scrolls of silence
 D - 5 scrolls of fog
 I - 4 scrolls of torment
 J - 4 scrolls of enchant armour
 S - 4 scrolls of brand weapon
Potions
 d - 6 potions of might
 j - 2 potions of enlightenment
 l - a potion of attraction
 p - a potion of berserk rage
 s - 6 potions of lignification
 u - 2 potions of ambrosia
 w - 3 potions of resistance
 x - 4 potions of haste
 z - a potion of mutation
 C - a potion of cancellation
 E - 7 potions of brilliance
 H - 9 potions of curing
 P - 2 potions of invisibility
 V - 3 potions of magic
Miscellaneous
 c - a phantom mirror
 N - a phial of floods


   Skills:
 - Level 17.0 Fighting
 - Level 20.0 Axes
 - Level 18.1 Armour
 + Level 18.2 Dodging
 - Level 2.6 Shields
 - Level 12.7 Spellcasting
 - Level 11.1 Evocations


You had 46 spell levels left.
You knew the following spells:

 Your Spells              Type           Power      Damage    Failure   Level
a - Blink                 Tloc           2%         N/A       36%         2

Your spell library contained the following spells:

 Spells                   Type           Power      Damage    Failure   Level
 Beastly Appendage        Tmut           2%         N/A       26%         1
 Freeze                   Ice            4%         1d3       26%         1
 Kiss of Death            Conj/Necr      4%         2d5       26%         1
 Sting                    Tmut/Pois      4%         1d3       26%         1
 Cigotuvi's Dreadful Rot  Necr/Pois/Air  2%         N/A       36%         2
 Lesser Beckoning         Tloc           2%         N/A       36%         2
 Momentum Strike          Conj/Tloc      2%         3d8       36%         2
 Poisonous Vapours        Pois/Air       2%         N/A       36%         2
 Wereblood                Tmut           1%         N/A       36%         2
 Confusing Touch          Hex            1%         N/A       58%         3
 Dazzling Flash           Conj/Hex       2%         N/A       58%         3
 Frozen Ramparts          Ice            2%         1d1       58%         3
 Gell's Gravitas          Tloc           1%         N/A       58%         3
 Hailstorm                Conj/Ice       1%         3d3       58%         3
 Spider Form              Tmut/Pois      1%         N/A       58%         3
 Stone Arrow              Conj/Erth      2%         3d7       58%         3
 Teleport Other           Tloc           1%         N/A       58%         3
 Tukima's Dance           Hex            1%         N/A       58%         3
 Volatile Blastmotes      Fire/Tloc      2%         2d10      58%         3
 Animate Armour           Summ/Erth      2%         N/A       94%         4
 Dispel Undead            Necr           1%         3d6       94%         4
 Ice Form                 Ice/Tmut       1%         N/A       94%         4
 Iskenderun's Mystic Bla  Conj/Tloc      1%         2d3       94%         4
 Leda's Liquefaction      Hex/Erth       0%         N/A       94%         4
 Manifold Assault         Tloc           1%         N/A       94%         4
 Olgreb's Toxic Radiance  Pois           1%         N/A       94%         4
 Passage of Golubria      Tloc           1%         N/A       94%         4
 Summon Ice Beast         Ice/Summ       1%         N/A       94%         4
 Agony                    Necr           1%         N/A       100%        5
 Fireball                 Conj/Fire      0%         3d3       100%        5
 Iskenderun's Battlesphe  Conj           1%         2d6       100%        5
 Lee's Rapid Deconstruct  Erth           0%         3d4*      100%        5
 Silence                  Hex/Air        0%         N/A       100%        5
 Yara's Violent Unravell  Hex/Tmut       0%         3d3       100%        5
 Conjure Ball Lightning   Conj/Air       0%         3x3d6     100%        6
 Dispersal                Tloc           0%         N/A       100%        6
 Leda's Unmaking          Conj/Erth      0%         9d1       100%        6
 Starburst                Conj/Fire      0%         6d3       100%        6
 Statue Form              Tmut/Erth      0%         N/A       100%        6
 Orb of Destruction       Conj           0%         9d5       100%        7
 Storm Form               Tmut/Air       0%         N/A       100%        7
 Lehudib's Crystal Spear  Conj/Erth      0%         10d2      100%        8
 Fire Storm               Conj/Fire      0%         6d1       100%        9


Dungeon Overview and Level Annotations

Branches:
Dungeon (15/15)            Temple (0/1) D:7            Lair (5/5) D:9
 Shoals (4/4) Lair:2        Snake (4/4) Lair:3        Slime (5/5) Lair:5
    Orc (2/2) D:9             Elf (0/3) Orc:2        Vaults (0/5) D:13
 Depths (4/4) D:15            Zot (5/5) Depths:4     WizLab (visited)
Gauntlet (visited)

Altars:
Ashenzari
Elyvilon
Fedhas
Hepliaklqana
Kikubaaqudgha
Qazlal
Ru
Sif Muna
Trog
Uskayaw
Xom
Yredelemnul
Jiyva

Shops:
D:10 :   D:14 *   Orc:1 (   Orc:2 ::[=   Shoals:2 *[([?   Shoals:3 :
Snake:1 *   Snake:4 ?(?

Portals:
Hell: Depths:1 Depths:2 Depths:3 Depths:4
Abyss: Depths:3
Pandemonium: Depths:2
Ziggurat: Depths:3

Annotations:
D:15 2 transporters
Lair:1 3 runed translucent doors, grizmgrazm2's ghost, journeyman TrFi
Slime:5 Royal Jelly
Orc:2 1 runed translucent door, hattey's ghost, journeyman HuWn


Innate Abilities, Weirdness & Mutations

You have razor-sharp teeth.
Your natural rate of healing is unusually fast.
When hurt, damage is shared between your health and your magic reserves.
Your bite disrupts and absorbs the magic of your enemies.
Potions cannot restore your health.
You have hoof-like feet.
You have a pair of small horns on your head.
You are partially covered in iridescent scales. (AC +2)
Your skin perfectly mimics your surroundings (Stealth+++).
You sometimes lose your temper in combat.
You are clumsy. (Dex -2)
Your flesh is almost immune to the effects of heat. (rF+++)
Your system is resistant to poisons. (rPois)
You are resistant to electric shocks. (rElec)
Your muscles are strong. (Str +4, Int/Dex -1)
Your body is covered in eyes which may confuse attackers. (Acc +7, SInv)
You have a small jelly attached to you that may absorb projectiles.
Your movements are less encumbered by armour. (ER -4)


Message History

Where to? (Enter - D:1 @ (x,y), ? - help)
A reaper is nearby!
The reaper closely misses you.
You slice the reaper!! You freeze the reaper. You headbutt the reaper.
Your bite misses the reaper.
The reaper is heavily wounded.
You slice the reaper!! You freeze the reaper.
You headbutt the reaper, but do no damage.
Your bite misses the reaper.
The reaper is almost dead.
The reaper closely misses you.
You slash the reaper! Your headbutt misses the reaper. You bite the reaper.
You kill the reaper!
No target in view!
(D) Dungeon (T) Temple (L) Lair (A) Shoals (P) Snake Pit (M) Slime Pits (O) Orcish Mines (E) Elven Halls (V) Vaults (U) Depths (H) Hell (Z) Zot
Where to? (Enter - D:1 @ (x,y), ? - help)
There is a stone staircase leading up here.
You climb upwards.
A sixfirhy comes into view.
There is a stone staircase leading down here.
You miss the sixfirhy. Your bite misses the sixfirhy.
The sixfirhy hits you but does no damage.
You barely miss the sixfirhy. Your headbutt misses the sixfirhy.
You bite the sixfirhy. You drain its power.
The sixfirhy is lightly wounded.
The sixfirhy completely misses you.
The sixfirhy hits you but does no damage.
You slash the sixfirhy! You freeze the sixfirhy. You bite the sixfirhy!
You kill the sixfirhy!
No target in view!
(D) Dungeon (T) Temple (L) Lair (A) Shoals (P) Snake Pit (M) Slime Pits (O) Orcish Mines (E) Elven Halls (V) Vaults (U) Depths (H) Hell (Z) Zot
Where to? (Enter - D:1 @ (x,y), ? - help) HP restored.
A tormentor comes into view.
There is a staircase leading out of the dungeon here.
You have escaped!

# #.###............#.# # #.#
#..####........############ #
#.# #..# ###..#...............
#
#.###..######..################
#
#..........##..################
#
#####..........................
# ##.#.......###############. #
#...........# #. #
#.....2...@.# #. #..#######..#
#. #######..##...##..# #####.
.........#.###.#.(# #.....
#####.#..#.#8#.#..# #.####
#....#.#'#.+..# #.#
###..##...##..# #.#
#..###'###..#### #.# #
#...........##.## #.#


You could see a tormentor.

Vanquished Creatures
  A dread lich (Zot:5)
  3 orbs of fire
  3 ancient liches
  A juggernaut (Depths:2)
  Josephina (Depths:3)
  5 Killer Klowns
  Parghit (Zot:2)
  5 golden dragons
  3 doom hounds
  6 electric golems
  Jorgrun (Orc:2)
  22 Orb Guardians
  14 tentacled monstrosities
  A walking earthen tome (Depths:2)
  A titan (Depths:2)
  A walking frostbound tome (Depths:4)
  4 quicksilver dragons
  A tentacled starspawn (Abyss:2)
  10 death cobs
  4 sphinxes
  2 ancient champions (WizLab)
  Kirke (D:15)
  11 shadow dragons
  5 storm dragons
  2 revenants (WizLab)
  2 fire giants
  The ghost of caveywoolpert the Scorcher, an adept GrEE of Vehumet (Shoals:1)
  A nagaraja (Snake:2)
  4 draconian monks
  Roxanne (Snake:4)
  6 draconian scorchers
  3 ghost moths
  2 draconian knights
  3 frost giants
  2 iron dragons
  A caustic shrike zombie (WizLab)
  A balrug (Zot:1)
  4 spriggan defenders
  15 very ugly things
  2 draconian stormcallers
  3 reapers
  4 draconian annihilators
  6 draconian shifters
  10 stone giants
  6 black draconians
  4 vampire knights
  4 green draconians
  A minotaur (Gauntlet)
  10 red draconians
  9 yellow draconians
  Nessos (D:13)
  10 purple draconians
  12 white draconians
  A spectral titan (WizLab)
  4 spark wasps
  8 ettins
  8 merfolk impalers
  3 yaktaur captains
  10 crystal guardians (Depths:3)
  2 merfolk javelineers (Shoals:4)
  A quicksilver dragon zombie (WizLab)
  An eidolon (WizLab)
  A deep elf high priest (Depths:4)
  7 fire dragons
  7 salamander tyrants
  Erolcha (D:9)
  2 hell beasts (Depths:2)
  7 hydras
  4 vault guards (D:15)
  8 ice dragons
  3 catoblepae (Lair:5)
  6 rakshasas
  6 spriggan air magi
  8 centaur warriors
  2 merfolk avatars
  3 ogre magi
  3 alligator snapping turtles (Shoals:4)
  9 boulder beetles
  9 merfolk aquamancers
  3 satyrs
  16 anacondas
  A death knight (D:13)
  Erica (D:8)
  11 two-headed ogres
  13 death yaks
  5 deep troll shamans
  The ghost of Woinavi the Basher, a journeyman GrFi of Gozag (Lair:2)
  2 alligators (Lair:5)
  5 deep troll earth magi
  11 naga warriors
  Urug (D:10)
  4 tengu warriors
  4 shock serpents
  A shock serpent (shapeshifter) (Depths:4)
  A vampire mage (Depths:4)
  4 hell knights
  5 orc high priests
  10 spriggan berserkers
  4 sun demons
  20 naga sharpshooters
  A wretched star (Abyss:2)
  6 iron trolls
  5 skysharks
  Sonja (D:12)
  11 skeletal warriors
  A fire crab (D:13)
  8 salamander mystics
  A shadow wraith (WizLab)
  A sixfirhy (D:1)
  A large abomination (Abyss:2)
  A spark wasp zombie (WizLab)
  4 flayed ghosts
  A cherub (D:7)
  15 sea snakes
  9 deep trolls
  An orange crystal statue (Depths:3)
  Pikel (D:8)
  A lindwurm (Lair:4)
  5 wizards
  A wolf spider zombie (WizLab)
  2 golden dragon skeletons (Depths:3)
  A sphinx zombie (Depths:3)
  33 harpies
  A wolf spider (D:15)
  4 orc knights
  7 phantasmal warriors
  An orc sorcerer (Orc:1)
  A deep elf pyromancer (D:15)
  8 naga ritualists
  5 necromancers
  9 mana vipers
  12 manticores
  2 oklob plants (Lair:3)
  20 fauns
  10 cyclopes
  19 salamanders
  31 ugly things
  9 elephants
  24 moths of wrath
  32 black mambas
  8 merfolk sirens
  2 apocalypse crabs (Zot:3)
  8 guardian serpents
  3 gargoyles
  5 water nymphs
  An ice statue (Gauntlet)
  15 naga magi
  11 cane toads
  2 titan simulacra (Depths:3)
  3 unseen horrors
  6 rime drakes
  Psyche (D:8)
  8 komodo dragons
  2 efreet
  3 ice devils
  5 kobold demonologists
  30 merfolk
  A tormentor (D:9)
  7 trolls
  An ancient zyme (Abyss:2)
  A harpy zombie (WizLab)
  4 polar bears (Lair:4)
  7 hornets
  6 wind drakes
  2 dream sheep (Lair:5)
  24 blink frogs
  2 spriggan zombies (WizLab)
  11 snapping turtles
  14 flying skulls
  3 spriggans
  Sigmund (D:3)
  3 shadows (Gauntlet)
  10 water elementals
  2 wyverns
  Eustachio (D:4)
  51 yaks
  A fire bat (Abyss:2)
  3 wraiths
  4 basilisks
  6 fire elementals
  3 hogs (D:15)
  4 vampire mosquitoes
  2 neqoxecs
  Edmund (D:4)
  54 nagas
  2 wargs
  Duvessa (D:7)
  11 hell hounds
  An acid dragon (D:10)
  16 water moccasins
  15 orc warriors
  2 ice beasts
  2 black bears
  15 centaurs
  10 wolves
  An ogre (Orc:2)
  2 phantoms
  8 kobold brigands
  A small abomination (Abyss:2)
  11 bullfrogs
  An earth elemental (D:14)
  3 scorpions
  14 wights
  Dowan (D:7)
  7 killer bees (D:9)
  6 electric eels
  10 howler monkeys
  31 orc priests
  3 gnoll boudas
  5 hounds
  Crazy Yiuf (D:6)
  An iron imp (Abyss:2)
  2 iguanas
  31 orc wizards
  5 hell rats (Lair:4)
  13 gnolls
  15 adders
  2 white imps
  An ufetubus (D:6)
  5 worms
  3 dart slugs
  56 orcs
  8 ball pythons
  An endoplasm (D:1)
  2 giant cockroaches (D:1)
  3 goblins
  5 hobgoblins
  3 jackals (D:4)
  17 kobolds
  3 quokkas
  3 bats
  7 rats
  2 starspawn tentacles (Abyss:2)
1500 creatures vanquished.

Vanquished Creatures (collateral kills)
  Gastronok (D:8)
  Donald (Shoals:1)
  A very ugly thing (Abyss:2)
  Azrael (D:15)
  A crystal guardian (Depths:3)
  A boulder beetle (D:8)
  A two-headed ogre (D:9)
  A skeletal warrior (D:11)
  An orc sorcerer (Orc:2)
  A yaktaur (D:15)
  A frost giant simulacrum (Depths:3)
  A human simulacrum (Depths:3)
  An orc priest (Orc:2)
  An orc wizard (Orc:2)
14 creatures vanquished.

Vanquished Creatures (others)
  A golden dragon (Zot:2)
  2 acid blobs (Zot:2)
  A fire dragon (D:15)
  A great orb of eyes (Gauntlet)
  A merfolk aquamancer (Shoals:1)
  A two-headed ogre (shapeshifter) (Depths:3)
  A necromancer (Depths:2)
  2 harpies (Shoals:2)
  A deep elf zephyrmancer (D:15)
  A moth of wrath (Zot:3)
  A naga mage (Snake:2)
  A rime drake (shapeshifter) (D:15)
  A kobold demonologist (D:14)
  A harpy zombie (WizLab)
  A troll (D:11)
  A sphinx simulacrum (Depths:3)
  A spriggan zombie (WizLab)
  7 slime creatures
  A flying skull (WizLab)
  A yak (shapeshifter) (Depths:1)
  A wyvern (shapeshifter) (Depths:2)
  2 yaks
  A naga (Snake:2)
  2 floating eyes
  2 water moccasins
  A sky beast (D:6)
  An orc warrior (Orc:2)
  A kobold brigand (D:14)
  2 bullfrogs
  A scorpion (D:5)
  3 wights (D:7)
  220 jellies
  3 killer bees (D:9)
  A howler monkey (D:12)
  4 crimson imps (Depths:2)
  3 orc priests
  4 orc wizards
  5 gnolls
  An adder (D:4)
  2 white imps
  11 orcs
  A ball python (D:2)
  2 kobolds (D:14)
  2 starspawn tentacles (Abyss:2)
304 creatures vanquished.

Grand Total: 1818 creatures vanquished

Notes
Turn   | Place    | Note
-------+----------+-------------------------------------------
     0 | D:1      | NoAnimeNoLife the Vine Stalker Fighter began the quest for
                  | the Orb.
     0 | D:1      | Reached XP level 1. HP: 11/11 MP: 2/2
   251 | D:1      | Reached skill level 2 in Axes
   303 | D:1      | Reached XP level 2. HP: 16/16 MP: 3/3
   849 | D:2      | Reached XP level 3. HP: 20/20 MP: 4/4
  1087 | D:2      | Gained mutation: Your natural rate of healing is unusually
                  | fast. [Vine Stalker growth]
  1087 | D:2      | Reached XP level 4. HP: 23/24 MP: 5/5
  1101 | D:2      | Found a faded altar of an unknown god.
  1108 | D:2      | Reached skill level 3 in Axes
  1119 | D:2      | Prayed at the altar of an unknown god.
  1119 | D:2      | Became a worshipper of Jiyva Jaef the Shapeless
  1119 | D:2      | Reached * piety under Jiyva
  1419 | D:2      | Reached ** piety under Jiyva
  1835 | D:3      | Noticed Sigmund
  1836 | D:3      | Noticed a phantom
  1841 | D:3      | Killed a phantom
  1842 | D:3      | Reached XP level 5. HP: 30/30 MP: 6/6
  1847 | D:3      | Killed Sigmund
  1848 | D:3      | Reached skill level 5 in Fighting
  1848 | D:3      | Reached skill level 4 in Axes
  1848 | D:3      | Reached XP level 6. HP: 28/35 MP: 7/7
  2168 | D:4      | Reached *** piety under Jiyva
  2169 | D:4      | Noticed Eustachio
  2171 | D:4      | Reached XP level 7. HP: 38/39 MP: 8/8
  2180 | D:4      | Killed Eustachio
  2181 | D:4      | Reached skill level 5 in Axes
  2331 | D:4      | Noticed Edmund
  2345 | D:4      | Killed Edmund
  2443 | D:4      | Gained mutation: You have razor-sharp teeth. [Vine Stalker
                  | growth]
  2443 | D:4      | Reached XP level 8. HP: 44/44 MP: 9/9
  2451 | D:4      | Identified a scroll of acquirement
  2453 | D:4      | Acquired a manual of Fighting
  2492 | D:4      | Reached skill level 6 in Axes
  2554 | D:5      | Entered Level 5 of the Dungeon
  2759 | D:5      | Gained mutation: You have a small jelly attached to you
                  | that senses nearby items. [Jiyva's grace]
  2759 | D:5      | Gained mutation: Your muscles are strong. (Str +4, Int/Dex
                  | -1) [Jiyva's grace]
  2759 | D:5      | Gained mutation: Your muscles are very strong. (Str +8,
                  | Int/Dex -2) [Jiyva's grace]
  2759 | D:5      | Gained mutation: You possess an exceptional clarity of
                  | mind. [Jiyva's grace]
  2791 | D:5      | Noticed a hornet
  2796 | D:5      | Paralysed by a hornet for 1 turns
  2800 | D:5      | Killed a hornet
  2883 | D:5      | Reached **** piety under Jiyva
  3112 | D:6      | Reached skill level 7 in Axes
  3409 | D:6      | Identified the +2 robe of Opnenequ {Dex+4}
  3414 | D:6      | Reached XP level 9. HP: 52/52 MP: 10/10
  3567 | D:6      | Found a runed translucent door.
  3568 | D:6      | Noticed Crazy Yiuf
  3598 | D:6      | Reached ***** piety under Jiyva
  3731 | D:6      | Killed Crazy Yiuf
  3780 | D:7      | Noticed a two-headed ogre
  3786 | D:7      | Killed a two-headed ogre
  3787 | D:7      | Reached skill level 10 in Fighting
  3787 | D:7      | Reached skill level 8 in Axes
  3878 | D:7      | Noticed Dowan
  3880 | D:7      | Noticed Duvessa
  3893 | D:7      | Killed Duvessa
  3899 | D:7      | Killed Dowan
  4069 | D:7      | Found a staircase to the Ecumenical Temple.
  4570 | D:8      | Noticed a two-headed ogre
  4579 | D:8      | Killed a two-headed ogre
  4580 | D:8      | Reached skill level 9 in Axes
  4580 | D:8      | Reached XP level 10. HP: 62/62 MP: 11/11
  4743 | D:8      | Noticed Gastronok
  4755 | D:8      | Killed Gastronok
  4767 | D:8      | Noticed Psyche
  4780 | D:8      | Killed Psyche
  4781 | D:8      | Reached skill level 10 in Axes
  4870 | D:8      | Found a stormy altar of Qazlal.
  4872 | D:8      | Found a bloodstained altar of Trog.
  4875 | D:8      | Found an ancient bone altar of Kikubaaqudgha.
  4997 | D:8      | Noticed Erica
  4999 | D:8      | Noticed Pikel
  5010 | D:8      | Killed Erica
  5014 | D:8      | Killed Pikel
  5022 | D:8      | Reached XP level 11. HP: 69/69 MP: 12/12
  5176 | D:8      | Reached skill level 11 in Axes
  5241 | D:8      | Noticed a boulder beetle
  5249 | D:8      | Killed a boulder beetle
  5536 | D:9      | Found a transporter.
  5653 | D:9      | Lost mutation: You possess an exceptional clarity of mind.
                  | [Jiyva's grace]
  5653 | D:9      | Lost mutation: You have a small jelly attached to you that
                  | senses nearby items. [Jiyva's grace]
  5653 | D:9      | Gained mutation: Your body has grown eyes which may confuse
                  | attackers. (Acc +3) [Jiyva's grace]
  5653 | D:9      | Gained mutation: Your body has grown many eyes which may
                  | confuse attackers. (Acc +5) [Jiyva's grace]
  5653 | D:9      | Gained mutation: Your body is covered in eyes which may
                  | confuse attackers. (Acc +7, SInv) [Jiyva's grace]
  5653 | D:9      | Gained mutation: You have a small jelly attached to you
                  | that may absorb projectiles. [Jiyva's grace]
  5678 | D:9      | Found a staircase to the Orcish Mines.
  5717 | D:9      | Noticed a manticore
  5727 | D:9      | Found a transporter.
  5727 | D:9      | Noticed a white ugly thing
  5742 | D:9      | Noticed a boulder beetle
  5759 | D:9      | Noticed Erolcha
  5766 | D:9      | Killed Erolcha
  5774 | D:9      | Noticed a cyclops
  5863 | D:9      | Reached skill level 12 in Axes
  5943 | D:9      | Noticed a two-headed ogre
  5947 | D:9      | Killed a two-headed ogre
  6132 | D:9      | Found a staircase to the Lair.
  6175 | D:10     | Entered Level 10 of the Dungeon
  6181 | D:10     | Reached ****** piety under Jiyva
  6223 | D:10     | Noticed Urug
  6237 | D:10     | Killed Urug
  6370 | D:10     | Reached skill level 13 in Axes
  6447 | D:10     | Found Onoyteveiph's Self-Improvement Boutique.
  6616 | D:11     | Noticed a cyclops
  6625 | D:11     | Killed a cyclops
  6636 | D:11     | Noticed a cyclops
  6648 | D:11     | Killed a cyclops
  6676 | D:11     | Reached XP level 12. HP: 74/74 MP: 13/13
  6730 | D:11     | Reached skill level 14 in Axes
  6800 | D:11     | Identified the ring "Nissod" {rPois Str+2}
  7070 | D:11     | Lost mutation: Your body is covered in eyes which may
                  | confuse attackers. (Acc +7, SInv) [Jiyva's grace]
  7070 | D:11     | Lost mutation: Your body has grown many eyes which may
                  | confuse attackers. (Acc +5) [Jiyva's grace]
  7070 | D:11     | Gained mutation: You possess an exceptional clarity of
                  | mind. [Jiyva's grace]
  7070 | D:11     | Gained mutation: Your mind is acute. (Int +4, Str/Dex -1)
                  | [Jiyva's grace]
  7070 | D:11     | Gained mutation: Your mind is very acute. (Int +8, Str/Dex
                  | -2) [Jiyva's grace]
  7070 | D:11     | Gained mutation: Your system is resistant to poisons.
                  | (rPois) [Jiyva's grace]
  7241 | D:11     | Identified the +8 chain mail "Lompaic" {rPois Int-4 Dex-3
                  | Slay+6}
  7305 | D:11     | Found a faded altar of an unknown god.
  7307 | D:11     | Found a hazy altar of Hepliaklqana.
  7324 | D:11     | Found a faded altar of an unknown god.
  7622 | D:12     | Noticed a boulder beetle
  7631 | D:12     | Killed a boulder beetle
  7632 | D:12     | Reached skill level 15 in Axes
  7812 | D:12     | Got Ahimaokk's Discourse on Combustive Locality
  7820 | D:12     | Found a portal to a secret trove of treasure.
  7825 | Trove    | Entered a treasure trove
  7838 | Trove    | Identified the +1 arbalest "Liutwur" {speed, Str+4 Dex+5}
  7841 | Trove    | Identified the +6 quarterstaff "Xuasch" {speed, Dex+2 SInv}
  7843 | Trove    | Identified the +4 longbow "Oplae" {flame, rN+}
  7844 | Trove    | Identified the +4 troll leather armour of True Grit {Regen+
                  | rCorr Str+2}
  8215 | D:12     | Noticed Sonja
  8225 | D:12     | Killed Sonja
  8685 | Lair:1   | Entered Level 1 of the Lair of Beasts
  8685 | Lair:1   | Noticed a boulder beetle
  8723 | Lair:1   | Reached skill level 5 in Armour
  8738 | Lair:1   | Killed a boulder beetle
  8776 | Lair:1   | Found a runed translucent gate.
  8777 | Lair:1   | Found a runed translucent gate.
  8778 | Lair:1   | Found a runed translucent gate.
  8778 | Lair:1   | Noticed grizmgrazm2's ghost (journeyman TrFi)
  8804 | Lair:1   | Reached XP level 13. HP: 79/79 MP: 14/14
  8830 | Lair:1   | Found a gate leading to a gauntlet.
  8864 | Gauntlet | Entered a Gauntlet
  8864 | Gauntlet | Found a transporter.
  8864 | Gauntlet | Found a transporter.
  8881 | Gauntlet | Found a transporter.
  8889 | Gauntlet | Killed a great orb of eyes
  8894 | Gauntlet | Found a transporter.
  8894 | Gauntlet | Found a transporter.
  8896 | Gauntlet | Found a transporter.
  8896 | Gauntlet | Found a transporter.
  8897 | Gauntlet | Found a transporter.
  8907 | Gauntlet | Found a runed translucent gate.
  8909 | Gauntlet | Found a transporter.
  8910 | Gauntlet | Found a runed translucent gate.
  8911 | Gauntlet | Found a runed translucent gate.
  8928 | Gauntlet | Found a transporter.
  8935 | Gauntlet | Found a transporter.
  8949 | Gauntlet | Found a transporter.
  8969 | Gauntlet | Found a transporter.
  8982 | Gauntlet | Found a transporter.
  9040 | Gauntlet | Identified the +0 pair of gloves "Uhoathruq" {+Blink rN+}
  9144 | Gauntlet | Identified the ring "Unuiq" {Wiz rPois rC- rN+ Slay+2}
  9165 | Gauntlet | Identified the ring "Kakyf" {rN+ Str+2 Dex+3}
  9165 | Gauntlet | Noticed a minotaur
  9184 | Gauntlet | Killed a minotaur
  9190 | Gauntlet | Identified the +6 quarterstaff of Safom {flame, Str+2
                  | Stlth+}
 10546 | Lair:2   | Found the +8 autumn katana {manifold assault}
 10871 | Lair:2   | Found a staircase to the Shoals.
 10919 | Lair:2   | Found a runed translucent gate.
 10920 | Lair:2   | Found a runed translucent gate.
 10921 | Lair:2   | Found a runed translucent gate.
 10986 | Lair:2   | Lost mutation: You possess an exceptional clarity of mind.
                  | [Jiyva's grace]
 10986 | Lair:2   | Lost mutation: Your mind is very acute. (Int +8, Str/Dex
                  | -2) [Jiyva's grace]
 10986 | Lair:2   | Lost mutation: You have a small jelly attached to you that
                  | may absorb projectiles. [Jiyva's grace]
 10986 | Lair:2   | Gained mutation: Your translucent skin slightly reduces
                  | your foes' accuracy. (Stealth+) [Jiyva's grace]
 10986 | Lair:2   | Gained mutation: Your translucent skin reduces your foes'
                  | accuracy. (Stealth+) [Jiyva's grace]
 10986 | Lair:2   | Gained mutation: Your transparent skin significantly
                  | reduces your foes' accuracy. (Stealth+) [Jiyva's grace]
 10986 | Lair:2   | Gained mutation: You have hidden genetic potential.
                  | [Jiyva's grace]
 11100 | Lair:2   | Reached skill level 10 in Armour
 11191 | Lair:2   | Noticed Woinavi's ghost (journeyman GrFi)
 11403 | Lair:2   | Killed Woinavi's ghost
 11494 | Lair:3   | Found a staircase to the Snake Pit.
 11929 | Lair:3   | Lost mutation: Your muscles are very strong. (Str +8,
                  | Int/Dex -2) [Jiyva's grace]
 11929 | Lair:3   | Lost mutation: Your transparent skin significantly reduces
                  | your foes' accuracy. (Stealth+) [Jiyva's grace]
 11929 | Lair:3   | Gained mutation: Your body has grown many eyes which may
                  | confuse attackers. (Acc +5) [Jiyva's grace]
 11929 | Lair:3   | Gained mutation: Your body is covered in eyes which may
                  | confuse attackers. (Acc +7, SInv) [Jiyva's grace]
 11929 | Lair:3   | Gained mutation: Your muscles are very strong. (Str +8,
                  | Int/Dex -2) [Jiyva's grace]
 11929 | Lair:3   | Gained mutation: You are partially covered in iridescent
                  | scales. (AC +2) [Jiyva's grace]
 12192 | Lair:4   | Reached XP level 14. HP: 80/84 MP: 15/15
 12295 | Lair:4   | Reached skill level 1 in Evocations
 12522 | Lair:4   | Found the +8 whip "Snakebite" {venom, curare, rPois}
 12786 | Lair:4   | Gained mutation: You expend magic power (3 MP) to
                  | strengthen your wands. [hidden potential]
 13137 | Lair:5   | Entered Level 5 of the Lair of Beasts
 13202 | Lair:5   | Lost mutation: You are partially covered in iridescent
                  | scales. (AC +2) [Jiyva's grace]
 13202 | Lair:5   | Lost mutation: Your body is covered in eyes which may
                  | confuse attackers. (Acc +7, SInv) [Jiyva's grace]
 13202 | Lair:5   | Lost mutation: Your translucent skin reduces your foes'
                  | accuracy. (Stealth+) [Jiyva's grace]
 13202 | Lair:5   | Lost mutation: You have hidden genetic potential. [Jiyva's
                  | grace]
 13202 | Lair:5   | Gained mutation: You have a small jelly attached to you
                  | that senses nearby items. [Jiyva's grace]
 13202 | Lair:5   | Gained mutation: You are partially covered in iridescent
                  | scales. (AC +2) [Jiyva's grace]
 13202 | Lair:5   | Gained mutation: You are mostly covered in iridescent
                  | scales. (AC +4) [Jiyva's grace]
 13202 | Lair:5   | Gained mutation: You are completely covered in iridescent
                  | scales. (AC +6) [Jiyva's grace]
 13316 | Lair:5   | Reached skill level 15 in Fighting
 13327 | Lair:5   | Reached skill level 16 in Axes
 13327 | Lair:5   | Reached skill level 5 in Evocations
 13610 | Lair:5   | Reached XP level 15. HP: 90/90 MP: 16/16
 13914 | Lair:5   | Found a staircase to the Slime Pits.
 14321 | Slime:1  | Entered Level 1 of the Pits of Slime
 14335 | Slime:1  | Noticed an azure jelly
 14451 | Slime:1  | Noticed a rockslime
 14703 | Slime:3  | Noticed an acid blob
 14775 | Slime:5  | Entered Level 5 of the Pits of Slime
 14835 | Slime:5  | Noticed an acid blob
 14841 | Slime:5  | Noticed an acid blob
 14917 | Slime:5  | Noticed a rockslime
 14924 | Slime:5  | Noticed an acid blob
 14928 | Slime:5  | Noticed the Royal Jelly
 14937 | Slime:5  | Noticed a rockslime
 14952 | Slime:5  | Found a viscous altar of Jiyva.
 14952 | Slime:5  | Noticed an acid blob
 14954 | Slime:5  | Noticed an acid blob
 14955 | Slime:5  | Found the +10 zealot's sword {holy, Zealotry, *Rage rN+
                  | EV+3}
 14958 | Slime:5  | Noticed an acid blob
 14960 | Slime:5  | Identified the +8 falchion of the Saviour {flame, Int+3}
 15044 | Slime:5  | Got a slimy rune of Zot
 15101 | Slime:4  | Noticed an azure jelly
 15314 | Orc:1    | Entered Level 1 of the Orcish Mines
 15350 | Orc:1    | Found Jyck's Weapon Shoppe.
 15648 | Orc:2    | Entered Level 2 of the Orcish Mines
 15814 | Orc:2    | Found Geadaj's Book Boutique.
 15814 | Orc:2    | Found Poeshov's Jewellery Shop.
 15814 | Orc:2    | Found Jeogir's Antique Armour Shop.
 15817 | Orc:2    | Found Xago's Book Boutique.
 15868 | Orc:2    | Bought a pair of glowing boots for 247 gold pieces
 15961 | Orc:2    | Found a runed translucent door.
 15962 | Orc:2    | Found a shimmering altar of Xom.
 15962 | Orc:2    | Noticed hattey's ghost (journeyman HuWn)
 15977 | Orc:2    | Found a frozen archway.
 16019 | Orc:2    | Reached skill level 10 in Evocations
 16035 | Orc:2    | Found a staircase to the Elven Halls.
 16082 | Orc:2    | Noticed Jorgrun
 16115 | Orc:2    | Killed Jorgrun
 16179 | Orc:2    | Lost mutation: Your muscles are very strong. (Str +8,
                  | Int/Dex -2) [Jiyva's grace]
 16179 | Orc:2    | Lost mutation: Your body has grown many eyes which may
                  | confuse attackers. (Acc +5) [Jiyva's grace]
 16179 | Orc:2    | Lost mutation: You have a small jelly attached to you that
                  | senses nearby items. [Jiyva's grace]
 16179 | Orc:2    | Gained mutation: Your muscles are very strong. (Str +8,
                  | Int/Dex -2) [Jiyva's grace]
 16179 | Orc:2    | Gained mutation: Your melee attacks may engulf your foes in
                  | ooze. [Jiyva's grace]
 16179 | Orc:2    | Gained mutation: You have sharp toenails. [Jiyva's grace]
 16179 | Orc:2    | Gained mutation: You have razor-sharp toenails. [Jiyva's
                  | grace]
 16412 | D:9      | Identified the ring "Uvuinyij" {rPois rCorr EV+5 Int+3
                  | Dex-5}
 16847 | D:13     | Noticed Nessos
 16860 | D:13     | Killed Nessos
 16902 | D:13     | Reached XP level 16. HP: 74/95 MP: 17/17
 16925 | D:13     | Identified the +5 chain mail of the True Pharaoh {Int+2}
 17046 | D:13     | Found a gate to the Vaults.
 17133 | D:13     | Identified the +0 leather armour "Voaxy" {Rampage *Slow rC-
                  | Dex+6}
 17442 | D:14     | Found Xumu's Pet Rocks.
 17456 | D:14     | Found a basalt altar of Yredelemnul.
 17919 | D:15     | Entered Level 15 of the Dungeon
 17968 | D:15     | Identified the +9 rapier of Wiur {protect, rPois rN+++
                  | rCorr Dex-5}
 17979 | D:15     | Found the ring of the Octopus King
 17999 | D:15     | Identified a ring of the Octopus King {rF+ HP+2 AC+2 EV+2
                  | SH+2}
 18053 | D:15     | Found a blossoming altar of Fedhas.
 18115 | D:15     | Found a transporter.
 18157 | D:15     | Identified the ring "Juum" {rC+ Int+3}
 18186 | Abyss:2  | Cast into level 2 of the Abyss (a wizard)
 18294 | Abyss:2  | Noticed an ancient lich
 18325 | Abyss:2  | Killed an ancient lich
 18411 | Abyss:2  | Noticed a tentacled starspawn
 18421 | Abyss:2  | Killed a tentacled starspawn
 18427 | D:15     | Escaped the Abyss
 18444 | D:15     | Found a sacrificial altar of Ru.
 18444 | D:15     | Found a transporter.
 18503 | D:15     | Identified the ring "Qijo Jeorghu" {Fly rPois rN+}
 18536 | D:15     | Found a staircase to the Depths.
 18550 | D:15     | Noticed Azrael
 18559 | D:15     | Reached XP level 17. HP: 102/102 MP: 18/18
 18579 | D:15     | Killed Azrael
 18790 | D:15     | Noticed Kirke
 18800 | D:15     | Killed Kirke
 18823 | D:15     | Found a blossoming altar of Fedhas.
 19008 | Snake:1  | Entered Level 1 of the Snake Pit
 19086 | Snake:1  | Found Xiurph's Assorted Antiques.
 19109 | Snake:1  | Bought a scroll of teleportation for 96 gold pieces
 19162 | Snake:1  | Lost mutation: You have razor-sharp toenails. [Jiyva's
                  | grace]
 19162 | Snake:1  | Lost mutation: You are completely covered in iridescent
                  | scales. (AC +6) [Jiyva's grace]
 19162 | Snake:1  | Lost mutation: You expend magic power (3 MP) to strengthen
                  | your wands. [Jiyva's grace]
 19162 | Snake:1  | Gained mutation: You are covered in slimy tendrils that may
                  | disarm your opponents. [Jiyva's grace]
 19162 | Snake:1  | Gained mutation: You are strong-willed. (Will+) [Jiyva's
                  | grace]
 19162 | Snake:1  | Gained mutation: You are highly strong-willed. (Will++)
                  | [Jiyva's grace]
 19162 | Snake:1  | Gained mutation: You are extremely strong-willed. (Will+++)
                  | [Jiyva's grace]
 19204 | Snake:1  | Identified the +1 leather armour of Classification {rN++
                  | Str-4}
 19291 | Snake:1  | Found a blossoming altar of Fedhas.
 19372 | Snake:1  | Identified the +8 hand axe "Jaedghiygg" {flame, Will+}
 19528 | Snake:2  | Reached skill level 15 in Armour
 20575 | Snake:2  | Identified the +5 chain mail "Wung" {Drain rF+ Str+2}
 20673 | Snake:3  | Found a shimmering altar of Xom.
 20722 | Snake:3  | Reached XP level 18. HP: 107/107 MP: 19/19
 20979 | Snake:3  | Lost mutation: You have sharp toenails. [Jiyva's grace]
 20979 | Snake:3  | Lost mutation: Your mind is acute. (Int +4, Str/Dex -1)
                  | [Jiyva's grace]
 20979 | Snake:3  | Lost mutation: You are extremely strong-willed. (Will+++)
                  | [Jiyva's grace]
 20979 | Snake:3  | Lost mutation: You are highly strong-willed. (Will++)
                  | [Jiyva's grace]
 20979 | Snake:3  | Gained mutation: Your translucent skin reduces your foes'
                  | accuracy. (Stealth+) [Jiyva's grace]
 20979 | Snake:3  | Gained mutation: Your transparent skin significantly
                  | reduces your foes' accuracy. (Stealth+) [Jiyva's grace]
 20979 | Snake:3  | Gained mutation: You are resistant to electric shocks.
                  | (rElec) [Jiyva's grace]
 20979 | Snake:3  | Gained mutation: Your body has grown many eyes which may
                  | confuse attackers. (Acc +5) [Jiyva's grace]
 21108 | Snake:3  | Reached skill level 17 in Axes
 21440 | Snake:4  | Entered Level 4 of the Snake Pit
 21462 | Snake:4  | Noticed Roxanne
 21474 | Snake:4  | Killed Roxanne
 21620 | Snake:4  | Found Cieta Noaf's Magic Scroll Shop.
 21622 | Snake:4  | Found Qehoqen's Weapon Boutique.
 21624 | Snake:4  | Found Maedativva's Magic Scroll Shop.
 21646 | Snake:4  | Bought a scroll of acquirement for 676 gold pieces
 21646 | Snake:4  | Acquired 1114 gold pieces
 21652 | Snake:4  | Bought a scroll of enchant weapon for 82 gold pieces
 21652 | Snake:4  | Bought a scroll of fog for 44 gold pieces
 21652 | Snake:4  | Bought a scroll of summoning for 104 gold pieces
 21652 | Snake:4  | Bought a scroll of fog for 44 gold pieces
 21652 | Snake:4  | Bought 2 scrolls of teleportation for 66 gold pieces
 21829 | Snake:4  | Reached skill level 18 in Axes
 22230 | Snake:4  | Got a serpentine rune of Zot
 22449 | Shoals:1 | Entered Level 1 of the Shoals
 22462 | Shoals:1 | Noticed caveywoolpert's ghost (adept GrEE)
 22496 | Shoals:1 | Found a runed translucent gate.
 22502 | Shoals:1 | Reached skill level 19 in Axes
 22507 | Shoals:1 | Found a runed translucent gate.
 22507 | Shoals:1 | Found a runed translucent gate.
 22528 | Shoals:1 | Killed caveywoolpert's ghost
 22782 | Shoals:1 | Noticed Donald
 22795 | Shoals:1 | Killed Donald
 22861 | Shoals:1 | Reached XP level 19. HP: 84/111 MP: 15/20
 22891 | Shoals:1 | Gained mutation: Your spells are a little harder to cast,
                  | but a little more powerful. [Jiyva's grace]
 22891 | Shoals:1 | Gained mutation: Your spells are harder to cast, but more
                  | powerful. [Jiyva's grace]
 22891 | Shoals:1 | Gained mutation: Your spells are much harder to cast, but
                  | much more powerful. [Jiyva's grace]
 22891 | Shoals:1 | Gained mutation: You have a small jelly attached to you
                  | that may absorb projectiles. [Jiyva's grace]
 23147 | Shoals:2 | Found Iddu's Antique Weapon Boutique.
 23207 | Shoals:2 | Found Mocoixt's Magic Scroll Shop.
 23219 | Shoals:2 | Bought a scroll of fog for 56 gold pieces
 23219 | Shoals:2 | Bought a scroll of teleportation for 42 gold pieces
 23219 | Shoals:2 | Bought a scroll of teleportation for 42 gold pieces
 23219 | Shoals:2 | Bought a scroll of teleportation for 42 gold pieces
 23293 | Shoals:2 | Reached skill level 20 in Axes
 23324 | Shoals:2 | Reached skill level 1 in Spellcasting
 23414 | Shoals:2 | Found Bouso's Armour Boutique.
 23442 | Shoals:2 | Bought a +2 pair of boots for 297 gold pieces
 23526 | Shoals:2 | Found Ugousogh's Armour Boutique.
 23527 | Shoals:2 | Found Ubleloh's Assorted Antiques.
 23816 | Shoals:3 | Found Yquawkey's Vocational Training.
 23891 | Shoals:3 | Reached skill level 5 in Spellcasting
 24278 | Shoals:4 | Entered Level 4 of the Shoals
 24466 | Shoals:4 | Identified the +6 arbalest of Massacring {freeze, rC- rCorr
                  | Int+4}
 24833 | Shoals:4 | Got a barnacled rune of Zot
 25237 | Depths:1 | Entered Level 1 of the Depths
 25251 | Depths:1 | Reached skill level 10 in Spellcasting
 25251 | Depths:1 | Reached XP level 20. HP: 108/117 MP: 30/35
 25356 | Depths:1 | Lost mutation: Your spells are much harder to cast, but
                  | much more powerful. [Jiyva's grace]
 25356 | Depths:1 | Lost mutation: Your spells are harder to cast, but more
                  | powerful. [Jiyva's grace]
 25356 | Depths:1 | Lost mutation: Your transparent skin significantly reduces
                  | your foes' accuracy. (Stealth+) [Jiyva's grace]
 25356 | Depths:1 | Lost mutation: Your translucent skin reduces your foes'
                  | accuracy. (Stealth+) [Jiyva's grace]
 25356 | Depths:1 | Lost mutation: You are covered in slimy tendrils that may
                  | disarm your opponents. [Jiyva's grace]
 25356 | Depths:1 | Gained mutation: Your movements are slightly less
                  | encumbered by armour. (ER -2) [Jiyva's grace]
 25356 | Depths:1 | Gained mutation: Your movements are less encumbered by
                  | armour. (ER -4) [Jiyva's grace]
 25356 | Depths:1 | Gained mutation: Your movements are significantly less
                  | encumbered by armour. (ER -6) [Jiyva's grace]
 25356 | Depths:1 | Gained mutation: Your spells are harder to cast, but more
                  | powerful. [Jiyva's grace]
 25363 | Depths:1 | Found a magical portal.
 25368 | WizLab   | Entered Borgnjor's Mausoleum
 25587 | WizLab   | HP: 1/108 [halazid warlock/bolt of cold (35)]
 25938 | Depths:1 | Found a gateway to Hell.
 26145 | Depths:1 | Found a broken altar of Ashenzari.
 26462 | Shoals:2 | Bought a +2 helmet of see invisible for 301 gold pieces
 27422 | Depths:2 | Noticed a juggernaut
 27443 | Depths:2 | Killed a juggernaut
 27621 | Depths:2 | Reached XP level 21. HP: 120/121 MP: 38/38
 27623 | Depths:2 | Found a white marble altar of Elyvilon.
 27771 | Depths:2 | You fall into a shaft and drop 1 floor!
 27813 | Depths:3 | Found a one-way gate to the infinite horrors of the Abyss.
 27837 | Depths:2 | Found a shimmering altar of Xom.
 27890 | Depths:2 | Found a one-way gate leading to the halls of Pandemonium.
 27912 | Depths:2 | Lost mutation: You are mostly covered in iridescent scales.
                  | (AC +4) [Jiyva's grace]
 27912 | Depths:2 | Lost mutation: Your muscles are very strong. (Str +8,
                  | Int/Dex -2) [Jiyva's grace]
 27912 | Depths:2 | Lost mutation: Your spells are harder to cast, but more
                  | powerful. [Jiyva's grace]
 27912 | Depths:2 | Lost mutation: Your body has grown many eyes which may
                  | confuse attackers. (Acc +5) [Jiyva's grace]
 27912 | Depths:2 | Gained mutation: Your body has grown many eyes which may
                  | confuse attackers. (Acc +5) [Jiyva's grace]
 27912 | Depths:2 | Gained mutation: Your body is covered in eyes which may
                  | confuse attackers. (Acc +7, SInv) [Jiyva's grace]
 27912 | Depths:2 | Gained mutation: You have large cloven feet. [Jiyva's
                  | grace]
 27912 | Depths:2 | Gained mutation: You have hoof-like feet. [Jiyva's grace]
 28209 | Depths:3 | Found a one-way gateway to a ziggurat.
 28211 | Depths:3 | Reached skill level 1 in Dodging
 28512 | Depths:3 | Identified the ring of Kiler {Ice rPois Str+3}
 28512 | Depths:3 | Noticed Josephina
 28582 | Depths:3 | Killed Josephina
 28723 | Depths:3 | Reached skill level 5 in Dodging
 29158 | Depths:3 | Found a shimmering blue altar of Sif Muna.
 29373 | Depths:4 | Entered Level 4 of the Depths
 29439 | Depths:4 | Found a gate to the Realm of Zot.
 29556 | Depths:4 | Found a hide-covered altar of Uskayaw.
 29970 | Depths:4 | Lost mutation: You are strong-willed. (Will+) [Jiyva's
                  | grace]
 29970 | Depths:4 | Lost mutation: Your body is covered in eyes which may
                  | confuse attackers. (Acc +7, SInv) [Jiyva's grace]
 29970 | Depths:4 | Lost mutation: Your translucent skin slightly reduces your
                  | foes' accuracy. (Stealth+) [Jiyva's grace]
 29970 | Depths:4 | Gained mutation: Your skin changes colour to match your
                  | surroundings (Stealth+). [Jiyva's grace]
 29970 | Depths:4 | Gained mutation: Your skin blends seamlessly with your
                  | surroundings (Stealth++). [Jiyva's grace]
 29970 | Depths:4 | Gained mutation: Your skin perfectly mimics your
                  | surroundings (Stealth+++). [Jiyva's grace]
 29970 | Depths:4 | Gained mutation: Your body is covered in eyes which may
                  | confuse attackers. (Acc +7, SInv) [Jiyva's grace]
 29999 | Depths:4 | Got the Elucidation of Vile Venom
 30163 | Zot:1    | Entered Level 1 of the Realm of Zot
 30259 | Zot:1    | Noticed a golden dragon
 30267 | Zot:1    | Killed a golden dragon
 30268 | Zot:1    | Reached XP level 22. HP: 91/126 MP: 32/39
 30344 | Zot:2    | Noticed a golden dragon
 30353 | Zot:2    | Killed a golden dragon
 30390 | Zot:2    | Reached skill level 10 in Dodging
 30521 | Zot:2    | Noticed a golden dragon
 30534 | Zot:2    | Killed a golden dragon
 30689 | Zot:2    | Noticed a Killer Klown
 30749 | Zot:2    | Killed a Killer Klown
 30851 | Zot:2    | Noticed a Killer Klown
 32819 | Zot:2    | Killed a Killer Klown
 32987 | Zot:2    | You fall into a shaft and drop 2 floors!
 33032 | Zot:3    | Noticed an orb of fire
 33483 | Zot:3    | Noticed Parghit
 33483 | Zot:3    | Noticed a golden dragon
 33603 | Zot:3    | Noticed Grunn
 33618 | Zot:2    | Slimified Grunn
 33618 | Zot:2    | Grunn changed into Grunn the acid blob
 33618 | Zot:2    | Noticed Grunn
 33650 | Zot:3    | Reached XP level 23. HP: 114/120 MP: 38/40
 33744 | Zot:2    | Killed Parghit
 33759 | Zot:3    | Killed a golden dragon
 33787 | Zot:3    | Identified the +4 dagger of the Abyss {vamp, Str+3 SInv}
 33794 | Zot:3    | Lost mutation: Your spells are a little harder to cast, but
                  | a little more powerful. [Jiyva's grace]
 33794 | Zot:3    | Lost mutation: Your movements are significantly less
                  | encumbered by armour. (ER -6) [Jiyva's grace]
 33794 | Zot:3    | Lost mutation: Your melee attacks may engulf your foes in
                  | ooze. [Jiyva's grace]
 33794 | Zot:3    | Gained mutation: Your flesh is heat resistant. (rF+)
                  | [Jiyva's grace]
 33794 | Zot:3    | Gained mutation: Your flesh is very heat resistant. (rF++)
                  | [Jiyva's grace]
 33794 | Zot:3    | Gained mutation: Your flesh is almost immune to the effects
                  | of heat. (rF+++) [Jiyva's grace]
 33794 | Zot:3    | Gained mutation: You have a pair of small horns on your
                  | head. [Jiyva's grace]
 33848 | Zot:3    | Killed an orb of fire
 33917 | Zot:3    | Reached skill level 15 in Dodging
 34225 | Zot:5    | Entered Level 5 of the Realm of Zot
 34249 | Zot:5    | Noticed a golden dragon
 34255 | Zot:5    | Killed a golden dragon
 34362 | Zot:5    | Identified the +0 robe of Sasoika {rN+}
 34368 | Zot:5    | Noticed a golden dragon
 34376 | Zot:5    | Killed a golden dragon
 34665 | Zot:5    | Noticed an orb of fire
 34765 | Zot:5    | Killed an orb of fire
 34797 | Zot:5    | Noticed an ancient lich
 34807 | Zot:5    | Killed an ancient lich
 34815 | Zot:5    | Noticed an orb of fire
 34823 | Zot:5    | Gained mutation: You are clumsy. (Dex -2) [an orb of fire]
 34829 | Zot:5    | Gained mutation: You sometimes lose your temper in combat.
                  | [an orb of fire]
 34833 | Zot:5    | Killed an orb of fire
 34981 | Zot:5    | Noticed a Killer Klown
 34994 | Zot:5    | Killed a Killer Klown
 35004 | Zot:5    | Noticed an ancient lich
 35025 | Zot:5    | Killed an ancient lich
 35086 | Zot:5    | Noticed a Killer Klown
 35153 | Zot:5    | Killed a Killer Klown
 35165 | Zot:5    | Noticed a dread lich
 35178 | Zot:5    | Killed a dread lich
 35179 | Zot:5    | Reached XP level 24. HP: 121/136 MP: 35/40
 35403 | Zot:5    | Learned a level 2 spell: Blink
 35595 | Zot:5    | Got the Orb of Zot
 35601 | Zot:5    | Noticed a dread lich
 35659 | Zot:5    | Noticed a Killer Klown
 35672 | Zot:5    | Killed a Killer Klown
 35711 | Zot:3    | Noticed Itotsu the pandemonium lord
 35726 | Zot:2    | Killed Grunn the acid blob
 36236 | D:$      | Escaped with the Orb!

Illustrated notes

Levels and vault maps discovered:
D:1:      minmay_arrival_stone_box, layout_loops_ring,
          chequers_serial_rivers_room_b
D:2:      layout_loops_ring, nicolae_ecumenical_snake_handling, chequers_garden
D:3:      layout_rooms, kennysheep_generic_room_9, uniq_sigmund
D:4:      layout_rooms, uniq_edmund, uniq_eustachio
D:5:      layout_basic
D:6:      layout_loops_ring, uniq_crazy_yiuf_cottage
D:7:      layout_layer_cave, minmay_temple_entry_stoned_glass,
          minmay_misc_feat_x, grunt_ministairs_9, uniq_duvessa
D:8:      layout_basic, grunt_temple_overflow_diamond,
          nicolae_figureground_pulse, uniq_pikel, uniq_gastronok, uniq_erica,
          uniq_psyche
D:9:      gammafunk_the_bubble [the_bubble_gammafunk_crates], layout_cave_pods,
          lair_entry_dummy, orc_0_dummy, uniq_erolcha
D:10:     layout_basic, nicolae_shop_self_help, uniq_urug
D:11:     layout_loops_corners, nicolae_hepliaklqana_ecumenical_no_more
D:12:     layout_rooms, trove_entry_hex_spiral, serial_corexii_hall,
          corexii_hall_statues_deadend, corexii_hall_statues_u, uniq_sonja
D:13:     layout_layer_cave, david_vaults_1, uniq_nessos
D:14:     layout_rooms, yredelemnul_altar_generic, guppyfry_shop_earth
D:15:     hangedman_spin_cycle
Lair:1:   layout_layer_cave, gammafunk_ghost_split, gauntlet_entry_generic,
          serial_bayou_shore_b, infiniplex_staircase_pool_2
Lair:2:   layout_hall_layers, minmay_shoals_entry_hut,
          ebering_ghost_rock_garden, grunt_forest_stairs_basic, minmay_holes
Lair:3:   layout_long_grid, guppyfry_snake_entry_garden,
          chequers_serial_rivers_marsh, minmay_lair_oklob_items,
          serial_bayou_pond_c, chequers_serial_rivers_marsh
Lair:4:   minmay_guarded_unrand_snakebite, layout_cave_pods,
          cheibrodos_lair_lostbears
Lair:5:   evilmike_catoblepas_cave, layout_misc_corridors,
          dpeg_slime_entry_corner, enter_volcano_3, minmay_shattered_shrine,
          lemuel_fruit_fields
Shoals:1: cheibrodos_shoals_oceanic_diplomacy, layout_shoals,
          gammafunk_ghost_split, abandoned_shop, uniq_donald
Shoals:2: layout_shoals, serial_shops, shop, shop, shop, shop,
          nicolae_shoals_lost_giant_hut, nicolae_take_the_stairs
Shoals:3: layout_shoals, nicolae_shop_vocational
Shoals:4: shoals_end_simple, layout_shoals
Snake:1:  layout_misc_corridors, basic_altar, serial_shops,
          nicolae_shop_overgrown_old_shop
Snake:2:  layout_chambers, nicolae_snake_scaly_snakehead
Snake:3:  layout_onion, basic_altar, serial_bayou_shore_a, grunt_megastairs_1
Snake:4:  grunt_snake_rune_pools, layout_misc_corridors,
          nicolae_fountain_basement, minmay_shop_star, uniq_roxanne
Slime:1:  layout_caves
Slime:2:  layout_caves, nicolae_slime_phagocytosis
Slime:3:  layout_caves
Slime:4:  layout_caves, nicolae_slime_crime_time
Slime:5
Orc:1:    layout_caves, basic_altar, serial_shops, shop
Orc:2:    st_orc_mages, layout_caves, portal_ice_cave_demonic_guard,
          ebering_ghost_xom, uniq_jorgrun
Depths:1: layout_cave_shapes, grunt_hell_entry_dis_grunt, mu_enter_wizlab_6,
          nicolae_the_louvre, cheibrodos_ashenzari_chains
Depths:2: minmay_the_grid_octo_tiled_squarecenter
          [minmay_the_grid_octo_vomiting_pacman, minmay_the_grid_octo_checkered,
          minmay_the_grid_octo_clover, minmay_the_grid_octo_concentric,
          minmay_the_grid_square_5x5_megaprize_open,
          minmay_the_grid_square_5x5_percent,
          minmay_the_grid_square_5x5_longway, minmay_the_grid_square_5x5_plus,
          minmay_the_grid_square_5x5_inverted_slash], layout_gridville,
          grunt_pan_entry_spiral, grunt_mini_vestibule, led_xom_imps,
          infiniplex_staircase_spiral
Depths:3: minmay_crystal_thing, layout_gridlike, enter_ziggurat_f,
          pf_vacation_house_of_asmodeus, abyss_entry, uniq_josephina
Depths:4: grunt_zot_entry_tricorne, layout_gridville, pf_coc_iceberg,
          nicolae_uskayaw_suspiria
Zot:1:    minmay_elemental_castle, layout_basic, grunt_megastairs_2
Zot:2:    grunt_deathspiral_small, layout_cathedral_of_symmetry
Zot:3:    gammafunk_mikee_crab_dinner, layout_basic, uniq_parghit, uniq_grunn
Zot:4:    layout_misc_corridors
Zot:5:    layout_misc_corridors, lemuel_golem_globe, uniq_tiamat

Skill      XL: |  1  2  3  4  5  6  7  8  9 10 11 12 13 14 15 16 17 18 19 20 21 22 23 24 |
---------------+-------------------------------------------------------------------------+-----
Axes           | 2 3 4 5 7 9 10 13 15 16 19 20 | 20.0
Fighting       | 3 4 5 6 8 11 13 14 15 16 17 | 17.0
Armour         | 5 10 11 13 15 17 18 | 18.1
Evocations     | 6 11 | 11.1
Spellcasting   | 10 12 | 12.7
Dodging        | 9 14 17 18 | 18.2
Shields        | |  2.6

Action                     |  1- 3 |  4- 6 |  7- 9 | 10-12 | 13-15 | 16-18 | 19-21 | 22-24 || total
---------------------------+-------+-------+-------+-------+-------+-------+-------+-------++-------
  Melee: War axe           |    61 |    74 |   170 |   387 |   834 |   156 |       |       ||  1682
         Bite              |    11 |    18 |    55 |   140 |   372 |   337 |   486 |   363 ||  1782
         Kick              |       |       |       |       |    42 |   233 |       |       ||   275
         Battleaxe         |       |       |       |       |       |   695 |  1095 |   681 ||  2471
         Unarmed           |       |       |       |       |       |       |       |    14 ||    14
         Headbutt          |       |       |       |       |       |       |       |   119 ||   119
  Throw: Dart              |       |       |       |       |       |       |       |     2 ||     2
 Invoke: Oozemancy         |       |       |       |     1 |       |     1 |       |     1 ||     3
         Slimify           |       |       |       |       |       |       |       |     2 ||     2
  Evoke: Wand              |       |       |     6 |     7 |       |       |     2 |    17 ||    32
         Phial of floods   |       |       |       |       |     1 |       |     1 |     1 ||     3
         Phantom mirror    |       |       |       |       |       |       |       |     1 ||     1
    Use: Potion            |       |     1 |     1 |     5 |     3 |       |     2 |     4 ||    16
         Scroll            |       |       |     9 |     9 |     5 |     9 |    11 |    13 ||    56
   Stab: Paralysed         |       |       |     8 |     5 |       |       |       |     4 ||    17
         Distracted        |       |       |       |     1 |       |       |     2 |     4 ||     7
         Confused          |       |       |       |     9 |    18 |     7 |    28 |    25 ||    87
         Sleeping          |       |       |       |       |       |       |     2 |     1 ||     3
 Armour: Scale mail        |    28 |    22 |    26 |    18 |       |       |       |       ||    94
         Plate armour      |       |       |       |    36 |       |       |       |       ||    36
         Chain mail        |       |       |       |    33 |   419 |   439 |   552 |   388 ||  1831
         Gold dragon scale |       |       |       |    26 |    47 |       |       |       ||    73
         Skin              |       |       |       |       |       |       |       |     6 ||     6
  Dodge: Dodged            |    29 |    39 |   128 |   156 |   468 |   648 |   750 |   646 ||  2864
  Block: Buckler           |    17 |    17 |    51 |    67 |   129 |    22 |       |       ||   303
         Other             |       |       |       |       |       |    36 |    61 |    32 ||   129

Table legend: (Time is in decaauts)
 A = Elapsed time spent in this place.
 B = Non-inter-level travel time spent in this place.
 C = Inter-level travel time spent in this place.
 D = Time resting spent in this place.
 E = Time spent auto-exploring this place.
 F = Levels seen in this place.
 G = Mean time per level.
                   A        B        C        D        E       F      G
               +--------+--------+--------+--------+--------+-----+--------+
         Total |  35772 |  32493 |   3279 |   2905 |  20850 |  48 |  745.2 |
       Dungeon |  11620 |  10102 |   1518 |    125 |   7640 |  15 |  774.7 |
          Lair |   5095 |   4509 |    586 |     20 |   3551 |   5 | 1019.0 |
        Shoals |   2894 |   2585 |    309 |      6 |   1785 |   4 |  723.5 |
     Snake Pit |   3336 |   3217 |    119 |     29 |   2277 |   4 |  834.0 |
    Slime Pits |    846 |    674 |    172 |     31 |    558 |   5 |  169.2 |
  Orcish Mines |    966 |    947 |     19 |     10 |    581 |   2 |  483.0 |
        Depths |   4091 |   3761 |    330 |    269 |   2514 |   4 | 1022.8 |
           Zot |   5503 |   5279 |    224 |   1777 |   1727 |   5 | 1100.6 |
         Abyss |    234 |    234 |      0 |      6 |     44 |   1 |  234.0 |
         Trove |    340 |    340 |      0 |    266 |      0 |   1 |  340.0 |
        Wizlab |    217 |    217 |      0 |     30 |     51 |   1 |  217.0 |
      Gauntlet |    625 |    625 |      0 |    335 |    119 |   1 |  625.0 |
               +--------+--------+--------+--------+--------+-----+--------+

Top non-repeatable levels by time:
   Zot:2: 3103 daAuts
   Zot:5: 1374 daAuts
     D:9: 1327 daAuts
 Snake:2: 1237 daAuts
Depths:3: 1229 daAuts
  Lair:1: 1168 daAuts
  Lair:5: 1152 daAuts
    D:11: 1141 daAuts
  Lair:2: 1057 daAuts
Depths:2: 1043 daAuts
Depths:1: 1035 daAuts
  Lair:4: 942 daAuts
    D:13: 915 daAuts
     D:1: 886 daAuts
Shoals:1: 871 daAuts
